[Event "Early-Titled-Tuesday-Blitz-May-28-2024"]
[Site "Chess.com"]
[Date "2024.05.28"]
[Round "2"]
[White "KnightmareJoker"]
[Black "rookpower2004"]
[Result "1/2-1/2"]
[WhiteElo "2302"]
[BlackElo "2510"]
[TimeControl "180+1"]
[EndTime "8:20:16 PDT"]
[Termination "Game drawn by stalemate"]

1. e4 e5 2. Nf3 Nc6 3. Bc4 Bc5 4. c3 Nf6 5. d4 exd4 6. cxd4 Bb4+ 7. Nc3 Nxe4 8. O-O Bxc3 9. d5 Bf6 10. Re1 Ne7 11. Rxe4 O-O 12. d6 cxd6 13. Qxd6 Nf5 14. Qd1 d5 15. Qxd5 Nd6 16. Re1 Be6 17. Rxe6 fxe6 18.
Qxe6+ Kh8 19. Bb3 Re8 20. Qd5 Qe7 21. Bf4 Rad8 22. Qh5 Qe4 23. Bd2 Qf5 24. Qxf5 Nxf5 25.
Rb1 Nd4 26. Nxd4 Rxd4 27. Be3 Rde4 28. h3 b6 29. Rd1 R4e7 30. Ba4 Rc8 31. Rd2 Rc1+ 32.
Kh2 Rc4 33. Bb3 Rc8 34. g3 h6 35. Bc2 Ree8 36. Bg6 Red8 37. Re2 Rc7 38. Bf4 Re7 39. Rc2 Re1 40. Kg2 Rb1 41. b3 Rb2 42. Rc7 Bd4 43.
Kf3 Rxf2+ 44. Kg4 Bc5 45. Rxa7 Re2 46. Bh5 Re7 47. Ra6 Red7 48. Bg6 Rd5 49. Be4 Rd1 50. Ra7 R1d7 51. Bf5 Rxa7 52. h4 Rxa2 53. Be4 Rb2 54.
Bf3 Rxb3 55. Be4 Rb2 56. Be5 Rb4 57. Kf5 Rf8+ 58. Kg6 Rxe4 59. Bf4 Rexf4 60. gxf4 Rf6+ 61. Kh5 Rxf4 62. Kg6 b5 63. h5 b4 1/2-1/2

[Event "Early-Titled-Tuesday-Blitz-May-28-2024"]
[Site "Chess.com"]
[Date "2024.05.28"]
[Round "2"]
[White "BobbyFischer1508"]
[Black "PonyQueen07"]
[Result "1/2-1/2"]
[WhiteElo "2441"]
[BlackElo "2051"]
[TimeControl "180+1"]
[EndTime "8:20:21 PDT"]
[Termination "Game drawn by repetition"]

1. b3 d5 2. Bb2 Nc6 3. e3 e5 4. Bb5 Bd6 5. f4 f6 6. Nh3 Bxh3 7.
Qh5+ Kf8 8. Qxh3 exf4 9. O-O fxe3 10. Qxe3 Qe7 11. Qf3 Bc5+ 12. Kh1 Rd8 13. Nc3 Nd4 14. Qd3 Nxb5 15. Nxb5 Qe4 16. Qc3 Qb4 17. Nxc7 Qxc3 18. Bxc3 Kf7 19. Rae1 Ne7 20. Ne6 Rc8 21. Nxc5 Rxc5 22.
Bb4 Rc7 23. c3 Nc6 24. Bd6 Rd7 25. Bg3 Re8 26. Kg1 Re4 27. d3 Rxe1 28. Rxe1 Re7 29.
Rxe7+ Kxe7 30. Kf2 Ke6 31. Ke3 Ne5 32. h3 Nd7 33. Kd4 b6 34. b4 a6 35. a4 Ne5 36.
c4 Nc6+ 37. Kc3 d4+ 38. Kb3 Ne5 39.
Bxe5 fxe5 40. b5 a5 41. c5 bxc5 42. Kc4 Kd6 43. b6 Kc6 44. b7 Kxb7 45. Kxc5 e4 46. Kxd4 exd3 47. Kxd3 Kb6 48. Kc4 Kc6 49. Kd4 Kd6 50.
Kc4 Kc6 51. Kd4 h6 52. Kc4 g6 53. Kd4 Kd6 54. Kc4 Kc6 55. g3 Kd6 56. Kd4 Kc6 57.
Kc4 Kb6 58. Kd5 g5 59. Kd6 h5 60. Kd5 Kb7 61. Kc5 Ka6 62. Kc6 g4 63. h4 Ka7 64.
Kb5 Kb7 65. Kxa5 Kc6 66. Ka6 Kd5 67. a5 Ke4 68. Kb6 Kf3 69. a6 Kxg3 70. a7 Kh2 71.
a8=Q g3 72. Qf3 g2 73. Qf4+ Kh1 74. Qf3 Kh2 75. Qf2 Kh1 76. Qf3 Kh2 1/2-1/2

[Event "Early-Titled-Tuesday-Blitz-May-28-2024"]
[Site "Chess.com"]
[Date "2024.05.28"]
[Round "2"]
[White "dealshark"]
[Black "martinmena"]
[Result "1/2-1/2"]
[WhiteElo "2455"]
[BlackElo "2128"]
[TimeControl "180+1"]
[EndTime "8:20:38 PDT"]
[Termination "Game drawn - insufficient material"]

1. e4 c6 2. d4 d5 3. Nc3 dxe4 4. Nxe4 Nd7 5. Bd3 Ngf6 6. Ng3 e6 7. Nf3 c5 8. Bd2 Qc7 9. Qe2 Bd6 10. O-O b6 11. Ng5 O-O 12. Rfe1 Bb7 13. c3 h6 14. Nf3 Rae8 15. Ne5 Bxe5 16. dxe5 Nd5 17. Qe4 g6 18. Qe2 Kg7 19. c4 Nb4 20. Be4 Bxe4 21. Qxe4 Nc6 22. Qh4 Rh8 23. Rad1 Nd4 24. Qg4 Nxe5 25.
Nh5+ Kf8 26. Qg3 Nef3+ 27. gxf3 Qxg3+ 28. Nxg3 Nxf3+ 29. Kf1 Nxe1 30. Bxe1 Ke7 31. Bc3 f6 32. Ne4 e5 33. Ke2 Rd8 34. Rxd8 Rxd8 35. b3 f5 36. Ng3 Ke6 37. Nf1 f4 38. Nd2 Kf5 39. Bb2 g5 40. Nb1 e4 41. Nc3 f3+ 42.
Ke1 Rd3 43. Nd5 Ke6 44. h3 h5 45. Bc3 g4 46. hxg4 hxg4 47. Nf4+ Kf5 48. Nxd3 exd3 49. Kd2 Ke4 50. Bb2 a6 51. Bf6 b5 52. Bh4 bxc4 53.
bxc4 Kd4 54. Bg5 Kxc4 55. Bf4 Kd4 56. Be3+ Kc4 57. Bf4 a5 58. Be5 a4 59. a3 Kb3 60. Kxd3 c4+ 61. Kd4 c3 62. Kd3 c2 63.
Bf4 Kxa3 64. Kxc2 Kb4 65. Bd6+ Kc4 66. Kd2 Kd4 67. Ba3 g3 68. fxg3 Ke4 69. Ke1 Ke3 70.
Kf1 f2 71. Bc5+ Kf3 72. Bxf2 a3 73.
Bd4 a2 74. Ba1 Kxg3 75. Ke1 Kf3 76. Kd2 Ke4 77. Kc2 Kd5 78. Kb2 Kc4 79. Kxa2 1/2-1/2

[Event "Early-Titled-Tuesday-Blitz-May-28-2024"]
[Site "Chess.com"]
[Date "2024.05.28"]
[Round "2"]
[White "VacheH009"]
[Black "EvgenyBurmakin"]
[Result "1/2-1/2"]
[WhiteElo "2543"]
[BlackElo "2345"]
[TimeControl "180+1"]
[EndTime "8:20:40 PDT"]
[Termination "Game drawn - insufficient material"]

1. c4 b6 2. d4 e6 3. Nf3 Bb7 4. g3 f5 5. Bg2 Nf6 6. O-O Be7 7. b3 O-O 8. Bb2 d6 9. Re1 Qc8 10. Nc3 Nc6 11. d5 Ne5 12. Nd4 exd5 13. cxd5 Qd7 14.
Ne6 Rf7 15. e4 fxe4 16. Nxe4 Nxe4 17. Bxe4 Bf6 18. f4 Nf3+ 19. Bxf3 Bxb2 20. Rb1 Bc3 21. Re3 Bf6 22. Rc1 Rc8 23. Re2 c6 24. dxc6 Bxc6 25.
Qc2 Bb7 26. Qxc8+ Bxc8 27. Bd5 Bb7 28. Bc4 b5 29. Bd3 Re7 30. f5 Bd5 31. Rce1 Bxe6 32.
fxe6 Qc6 33. Be4 Qc5+ 34. Kg2 g6 35. Rd1 Qe5 36. Bf3 Kg7 37. Rxe5 Bxe5 38. Bd5 Kf6 39. Rf1+ Kg7 40. Rc1 Kf6 41. Rc6 Bd4 42. Kf3 Ke5 43. Be4 Rxe6 44. Bd3 Re7 45. Ra6 Bb6 46. Bxb5 Kd4 47.
Kg4 h6 48. Kh3 h5 49. Ra4+ Kc5 50. Bf1 Re1 51. Rc4+ Kd5 52. Bd3 Rd1 53. Bxg6 Rd2 54. Bxh5 Rxa2 55. Bf3+ Ke5 56. Kg4 Rxh2 57. Kg5 Ke6 58.
Bg4+ Kd5 59. Bf3+ Ke6 60. Re4+ Kd7 61. Kf6 Rf2 62. Rf4 Be3 63. Rf5 Bc5 64. g4 Kc7 65. g5 Bd4+ 66. Kf7 Rf1 67. g6 Rg1 68. Bd5 Kb6 69.
Bc4 a6 70. Rd5 Be5 71. Rxe5 dxe5 72. g7 Rxg7+ 73. Kxg7 e4 74. Kf6 Kc5 75. Ke5 e3 76.
Ke4 a5 77. Kxe3 a4 78. bxa4 Kxc4 79. a5 Kb5 80. a6 Kxa6 1/2-1/2

[Event "Early-Titled-Tuesday-Blitz-May-28-2024"]
[Site "Chess.com"]
[Date "2024.05.28"]
[Round "2"]
[White "conformalfunction"]
[Black "joksijoksi"]
[Result "1-0"]
[WhiteElo "2339"]
[BlackElo "2525"]
[TimeControl "180+1"]
[EndTime "8:20:40 PDT"]
[Termination "conformalfunction won on time"]

1. e4 e6 2. d4 d5 3. exd5 exd5 4. Bd3 Bd6 5. Nf3 Ne7 6. c3 Bf5 7. O-O Bxd3 8. Qxd3 O-O 9. Bg5 h6 10. Bh4 Qd7 11.
Bg3 Nbc6 12. Nbd2 Rae8 13. Rfe1 Nf5 14. Bxd6 Nxd6 15. Kf1 Rxe1+ 16. Rxe1 Re8 17. Rxe8+ Qxe8 18. Qe2 Qxe2+ 19. Kxe2 Kf8 20. Ke3 Ke7 21. b3 Ke6 22.
Ne1 Nf5+ 23. Ke2 g5 24. Nd3 b6 25. Nf3 f6 26. g3 Nd6 27. Nd2 Ne4 28. Nb1 h5 29. f3 Nd6 30. Nd2 a5 31. Ke3 Kf5 32.
h3 h4 33. g4+ Ke6 34. f4 a4 35. bxa4 Na5 36. Nb2 c5 37. fxg5 fxg5 38. dxc5 bxc5 39.
Nb3 Ndc4+ 40. Nxc4 Nxc4+ 41. Ke2 Kd6 42. a5 Kc6 43. a6 Nb6 44. a7 Na8 45. Ke3 Nc7 46.
a4 Kb6 47. a5+ Kb5 48. a6 Kc4 49. Nd2+ Kxc3 50. Nf3 d4+ 51. Ke2 Kc2 52. Ne1+ Kc3 53. Nf3 Kc2 54. Ne1+ Kb3 55. Kd3 Na8 56. Nf3 Nb6 57.
Nxg5 c4+ 58. Kxd4 c3 59. Ne4 c2 60. Nd2+ Kb2 61. Nc4+ Nxc4 62. a8=Q c1=Q 63. Qb7+ Ka3 64. a7 Qf4+ 65. Kc5 Na5 66. a8=Q Qc4+ 67. Kb6 Qb4+ 68.
Kc7 Qc5+ 69. Kb8 Qd6+ 70. Kc8 Qf8+ 71. Kd7 Qf7+ 72. Kc8 Qe8+ 73. Kc7 Qe7+ 74. Kb6 Qb4+ 75. Kc7 Qe7+ 76. Kb8 Qd8+ 77. Qc8 Qb6+ 78. Qab7 Nxb7 79.
Qxb7 Qf2 80. Qa7+ Qxa7+ 81. Kxa7 Kb4 82. g5 Kc5 83. g6 Kd6 84. g7 Ke6 85. g8=Q+ 1-0

[Event "Early-Titled-Tuesday-Blitz-May-28-2024"]
[Site "Chess.com"]
[Date "2024.05.28"]
[Round "2"]
[White "BashiqChess"]
[Black "ManMish2"]
[Result "1/2-1/2"]
[WhiteElo "2412"]
[BlackElo "2696"]
[TimeControl "180+1"]
[EndTime "8:20:47 PDT"]
[Termination "Game drawn by stalemate"]

1. Nf3 Nf6 2. c3 d5 3. d4 c5 4. Bf4 Nc6 5. e3 e6 6. Nbd2 Bd6 7. Bg3 Qe7 8. Bd3 e5 9. dxe5 Nxe5 10. Nxe5 Bxe5 11.
Bb5+ Bd7 12. Bxd7+ Nxd7 13. Nf3 Bxg3 14. hxg3 Nf6 15. Qa4+ Qd7 16. Qxd7+ Kxd7 17. O-O-O Ke7 18. Nd2 h6 19. f3 Rad8 20. Rhe1 Rhe8 21. Nb3 b6 22.
Kc2 Kf8 23. Kd2 g6 24. Ke2 Kg7 25. Kf2 h5 26. Nc1 g5 27. Rh1 Kg6 28. Ne2 Rd7 29.
Rhe1 Rde7 30. Nc1 Re5 31. Nb3 R5e7 32. a4 a5 33. Na1 Rd7 34. Nc2 Ree7 35. Rd2 Re5 36.
Red1 Rde7 37. Re1 Ne8 38. Na3 Nd6 39. e4 f5 40. Rxd5 Rxd5 41. exd5 Rxe1 42. Kxe1 Kf6 43. Nb5 Nc4 44. b3 Ne3 45. Ke2 Nxd5 46. c4 Ne7 47.
Nc3 Ke6 48. Ke3 Ke5 49. f4+ gxf4+ 50. gxf4+ Ke6 51. Kf3 Nc6 52. Nd5 Nd4+ 53. Kg3 Nxb3 54. Nxb6 Nd2 55. Kh4 Nf1 56. Kxh5 Ne3 57. Kg5 Nxg2 58.
Nd5 Ne1 59. Nc7+ Kd6 60. Nb5+ Ke6 61. Nc7+ Kd7 62. Ne8 Kxe8 63. Kxf5 Nd3 64. Ke4 Nb2 65. Kd5 Nxa4 66. Kc6 Ke7 67. Kb5 Nc3+ 68. Kxc5 Kf6 69.
f5 Kxf5 70. Kd4 Na4 71. c5 Ke6 72. Kc4 Nb2+ 73. Kb5 a4 74. Kb4 Kd5 75. Ka3 Kxc5 76. Kxb2 Kb4 77. Ka2 a3 78. Ka1 Kb3 79. Kb1 a2+ 80.
Ka1 Ka3 1/2-1/2

[Event "Early-Titled-Tuesday-Blitz-May-28-2024"]
[Site "Chess.com"]
[Date "2024.05.28"]
[Round "2"]
[White "biostatistician"]
[Black "MatthewG-p4p"]
[Result "0-1"]
[WhiteElo "2590"]
[BlackElo "2890"]
[TimeControl "180+1"]
[EndTime "8:20:57 PDT"]
[Termination "MatthewG-p4p won on time"]

1. d4 Nf6 2. Nf3 c5 3. d5 b5 4. c4 Qa5+ 5. Qd2 b4 6. b3 g6 7. Bb2 Bg7 8. Qc2 d6 9. e4 O-O 10. Bd3 e5 11. h3 Qc7 12. a3 a5 13. g4 h5 14. g5 Nh7 15. Nbd2 bxa3 16. Bxa3 Nd7 17.
Nf1 f6 18. Bc1 Nb6 19. Ng3 Qe7 20. Nh4 Qf7 21. Nf3 f5 22. h4 f4 23. Ne2 Bd7 24. Bd2 a4 25. bxa4 Nxa4 26. Nc3 Nxc3 27. Bxc3 Bg4 28. Be2 Qd7 29. Kd2 Rxa1 30. Bxa1 Ra8 31.
Bc3 Nf8 32. Qb2 Qc7 33. Ra1 Rb8 34. Qc2 Qd7 35. Qa4 Qe7 36. Qa7 Rb7 37. Qa8 Qc7 38.
Ng1 Bd7 39. Bd1 Qb6 40. f3 Qc7 41. Ne2 Bc8 42. Nc1 Bh3 43. Ba4 Rb8 44. Qc6 Qd8 45.
Bc2 Qe7 46. Ra8 Rxa8 47. Qxa8 Bd7 48. Qb8 Kh7 49. Ba5 Bh3 50. Qd8 Qa7 51. Qb6 Qa8 52. Ba4 Bd7 53. Bc6 Qe8 54. Qc7 Qf7 55. Qxd6 Bxc6 56.
dxc6 Qa7 57. c7 Qxa5+ 58. Kc2 Qa4+ 59. Kb2 Qb4+ 60. Nb3 Qxc4 61. c8=Q Qe2+ 62. Qd2 Qxf3 63. Qxc5 Qxe4 64. Qcd5 Qf5 65. Qc2 e4+ 66. Qd4 Bxd4+ 67. Nxd4 Qe5 68. Qc4 Ne6 69. Qxe6 Qxd4+ 70. Kc2 Qc5+ 71.
Kd2 Qb4+ 72. Kc2 Qc5+ 73. Kb2 Qd4+ 74. Kc2 Qd3+ 75. Kb2 Qb5+ 76. Kc2 Qb7 77. Qe5 f3 78. Qf4 Qe7 79. Kd1 Qd7+ 80. Ke1 Qe7 81. Kf2 Kg8 82.
Ke3 Qe8 83. Qf6 Qf7 84. Qd8+ Kh7 85. Qd2 Qe7 86. Qd4 Kg8 0-1

[Event "Early-Titled-Tuesday-Blitz-May-28-2024"]
[Site "Chess.com"]
[Date "2024.05.28"]
[Round "2"]
[White "nabukatnezarr"]
[Black "Irina_Mikhaylova"]
[Result "1/2-1/2"]
[WhiteElo "2669"]
[BlackElo "2340"]
[TimeControl "180+1"]
[EndTime "8:20:58 PDT"]
[Termination "Game drawn by repetition"]

1. b3 Nf6 2. Bb2 g6 3. Bxf6 exf6 4. c4 f5 5. Nc3 h5 6. e3 h4 7. h3 Bg7 8. d4 d6 9. Bd3 Nd7 10. Nge2 Nf6 11. Qc2 b6 12. d5 Bd7 13. Nd4 O-O 14.
O-O Re8 15. Rad1 Qe7 16. Rfe1 Ne4 17. Bxe4 fxe4 18. Nc6 Bxc6 19. dxc6 Bxc3 20. Qxc3 Qe5 21. Rd4 Qc5 22. Rd5 Qxc6 23. Qf6 Qd7 24. Qxh4 Kg7 25.
Red1 Qe7 26. Qf4 f5 27. Kf1 Rf8 28. Ke2 Rf6 29. Qg5 Raf8 30. g3 Re6 31. Qxe7+ Rxe7 32. h4 Kf6 33. Kd2 Rfe8 34. Kc3 a5 35. a3 Re5 36.
Rxe5 Rxe5 37. b4 axb4+ 38. axb4 b5 39. Ra1 bxc4 40. Kxc4 Re7 41. Ra7 Ke6 42. b5 Kd7 43. Ra8 c6 44. Ra7+ Kd8 45. Ra8+ Kc7 46. Rg8 cxb5+ 47.
Kxb5 Re6 48. Rg7+ Kd8 49. Kc6 Rf6 50. Kd5 Ke8 51. Rh7 Kd8 52. Ra7 Ke8 53. Kc6 Kd8 54. Rg7 Ke8 55. Rh7 Kd8 56. h5 gxh5 57. Rxh5 Ke8 58.
Kd5 Ke7 59. Rh7+ Ke8 60. Kc6 Kd8 61. Rg7 Ke8 62. Rg5 Ke7 63. Kd5 Ke8 64. Rh5 Ke7 65. Rh8 Kd7 66. Rh7+ Ke8 67. Rb7 Kd8 68. Rb6 Kd7 69.
Ra6 Ke7 70. Ra7+ Kd8 71. Kc6 Ke8 72. Ra8+ Ke7 73. Ra4 Ke8 74. Kd5 Ke7 75. g4 fxg4 76. Rxe4+ Kf7 77. Rxg4 Rxf2 78. Kxd6 Ke8 79. Rg8+ Kf7 80.
Rg5 Rf6+ 81. Kd5 Ke7 82. e4 Ra6 83. Rg7+ Ke8 84. Rc7 Rh6 85. Ra7 Rg6 86. e5 Rh6 87.
Ra8+ Ke7 88. Ra7+ Ke8 89. Ra5 Ke7 90. Ra7+ Ke8 1/2-1/2

[Event "Early-Titled-Tuesday-Blitz-May-28-2024"]
[Site "Chess.com"]
[Date "2024.05.28"]
[Round "2"]
[White "agvega14"]
[Black "Lady_Nika"]
[Result "0-1"]
[WhiteElo "2235"]
[BlackElo "2497"]
[TimeControl "180+1"]
[EndTime "8:21:04 PDT"]
[Termination "Lady_Nika won on time"]

1. e4 e6 2. Nf3 d5 3. e5 c5 4. b4 cxb4 5. d4 Nc6 6. a3 bxa3 7. c3 Nh6 8. Bd3 Nf5 9. O-O Be7 10. Nxa3 O-O 11. Nc2 g6 12. Ne3 Nxe3 13. fxe3 f5 14. c4 Nb4 15. Be2 dxc4 16. Bxc4 Nd5 17. Qb3 b6 18. Bxd5 Qxd5 19. Qxd5 exd5 20. Ba3 Rf7 21. Rfc1 a5 22. Rcb1 Bd8 23. Bd6 h6 24. h4 Bd7 25. g3 b5 26. Rc1 b4 27. Nd2 g5 28.
hxg5 Bxg5 29. Kf2 Bb5 30. Nb3 a4 31. Nc5 a3 32. e6 Rfa7 33. Kf3 Bc4 34. Rcb1 a2 35.
Rxb4 Ra3 36. Bf4 Rc3 37. Rb2 Raa3 38. Bxg5 hxg5 39. Kg2 Rxe3 40. Rb8+ Kg7 41. Rb7+ Kg6 42. e7 Be2 43. e8=Q+ Rxe8 44. Rb6+ Kg7 45. Rb7+ Kf6 46. Rb6+ Kf7 47. Rb7+ Re7 48. Rb2 Bf3+ 49. Kf2 g4 50.
Raxa2 Rxa2 51. Rxa2 Kg6 52. Ra6+ Kg7 53. Rd6 Re2+ 54.
Kf1 Rd2 55. Ne6+ Kf6 56. Nf4+ Ke7 57. Re6+ Kd7 58. Re5 Rxd4 59. Rxf5 Kd6 60. Kf2 Rd2+ 61. Ke3 Rd1 62. Rf6+ Kc5 63. Rf5 Kc4 64. Rf7 d4+ 65. Kf2 Rd2+ 66. Ke1 Ra2 67. Rc7+ Kb3 68. Rd7 Ra4 69. Kd2 Ra2+ 70. Kd3 Ra1 71. Rxd4 Rd1+ 72. Ke3 Re1+ 73. Kd3 Rg1 74. Nh5 Rh1 75. Nf4 Rg1 76.
Nh5 Rd1+ 77. Ke3 Re1+ 78. Kf4 Rh1 79. Rd6 Rxh5 80. Rb6+ Kc3 81. Rd6 Rc5 82. Re6 Rc4+ 83. Kg5 Kd3 84. Rd6+ Ke2 85. Re6+ Kf2 86. Kh4 Rc8 87. Rh6 Rc1 88. Rb6 Rh1+ 89. Kg5 Kxg3 90. Rb3 Re1 0-1

[Event "Early-Titled-Tuesday-Blitz-May-28-2024"]
[Site "Chess.com"]
[Date "2024.05.28"]
[Round "2"]
[White "zimmm36"]
[Black "GMAneta"]
[Result "1-0"]
[WhiteElo "2786"]
[BlackElo "2554"]
[TimeControl "180+1"]
[EndTime "8:21:07 PDT"]
[Termination "zimmm36 won on time"]

1. e4 c5 2. Nf3 Nc6 3. d4 cxd4 4. Nxd4 g6 5. c4 Bg7 6. Be3 Nf6 7. Nc3 Ng4 8. Qxg4 Nxd4 9. Qd1 Ne6 10. Rc1 Qa5 11. Be2 d6 12. O-O Bd7 13. a3 Bc6 14. f3 g5 15. Re1 h5 16. Nd5 Kf8 17. Bd2 Qc5+ 18. Be3 Qa5 19. Rc2 Ba4 20. Qd2 Qxd2 21. Rxd2 b6 22. Rc1 Rc8 23. h3 Bb3 24. Kf2 h4 25. Bd1 Rxc4 26. Rxc4 Bxc4 27. Rc2 Ba6 28. Be2 Bb7 29. Nc7 Nc5 30. b4 Na4 31. Nb5 Bf6 32. Nxa7 Kg7 33. Bb5 Ra8 34. Bxa4 Rxa7 35. Bc6 Bxc6 36.
Rxc6 Rxa3 37. Bxb6 Ra2+ 38. Kf1 Rb2 39. Rc4 e6 40. Bd4 Bxd4 41. Rxd4 Kf6 42. Rxd6 Rxb4 43. Rd7 Rb2 44. Kg1 Kg6 45. Kh2 Kf6 46. Ra7 Kg6 47. Ra1 Kf6 48. Kg1 Ke5 49. Rd1 Kf4 50. Kh2 Rb7 51.
Rd8 Ke3 52. Rg8 Kf4 53. Rg7 Rc7 54. Kg1 Rc1+ 55. Kf2 Rc2+ 56. Kf1 Ke3 57. Kg1 Rc1+ 58. Kh2 Rc7 59. Rxg5 f6 60. Rg4 Kf2 61. Rxh4 f5 62.
exf5 exf5 63. Ra4 Rc2 64. Ra8 Kf1 65. Rg8 f4 66. h4 Ra2 67. Rg4 Rb2 68. h5 Rb5 69.
Rh4 Rg5 70. Rxf4 Rxg2+ 71. Kh3 Kf2 72. h6 Rg1 73. Kh4 Rh1+ 74. Kg5 Kg3 75. Rf7 Rg1 76. f4 Kf3+ 77. Kf5 Rh1 78. h7 Rh4 79. Kg5 Rg4+ 80. Kh5 Rg1 81. Kh6 Rh1+ 82. Kg7 Rg1+ 83. Kf8 Rh1 84. Kg8 Rg1+ 85. Rg7 Rh1 86. h8=Q Rxh8+ 87.
Kxh8 Kxf4 88. Kh7 1-0

[Event "Early-Titled-Tuesday-Blitz-May-28-2024"]
[Site "Chess.com"]
[Date "2024.05.28"]
[Round "2"]
[White "Matsanovic"]
[Black "rasmussvane"]
[Result "0-1"]
[WhiteElo "2612"]
[BlackElo "2959"]
[TimeControl "180+1"]
[EndTime "8:21:16 PDT"]
[Termination "rasmussvane won by resignation"]

1. e4 c6 2. Nc3 d5 3. Nf3 dxe4 4. Nxe4 Nf6 5. Ng3 g6 6. Bc4 Bg7 7. h3 O-O 8. a4 c5 9. O-O Nc6 10. Re1 b6 11. d3 Bb7 12. Bd2 Nd5 13. c3 e6 14. Qc2 Qc7 15. Ne2 Rad8 16. Rad1 Na5 17. Ba2 Rfe8 18. Bg5 Rc8 19. Bh4 Bc6 20. Bg3 Qd7 21. b3 e5 22. Nd2 Kh8 23. Nc4 Nb7 24. Kh2 Nd6 25. Ng1 Nf4 26. f3 Nf5 27. Bf2 Rcd8 28.
Bb1 h5 29. g3 Nd5 30. Ne2 Kg8 31. h4 a6 32. Ng1 Rc8 33. Ne3 Ndxe3 34. Bxe3 Bd5 35. Bf2 Qe6 36. c4 Bb7 37. Qe2 Rcd8 38. Nh3 Qc6 39. Qe4 Qc7 40. Qe2 Bh6 41. Bc2 Nd4 42. Bxd4 Rxd4 43. Kg2 Bg7 44. Qf1 Bc6 45. Re3 b5 46. axb5 axb5 47. Ra1 Rdd8 48. Rae1 Ra8 49. R3e2 Reb8 50. Bd1 Rd8 51. Nf2 Ra3 52. Re3 bxc4 53. bxc4 Rb8 54. R3e2 Bd7 55. Rd2 Bf5 56. Ne4 Be6 57. Qe2 Rd8 58. Bc2 Raa8 59. Rb1 Rd7 60. Bd1 Rad8 61. Bc2 Bf5 62. Rdd1 Qc6 63. Re1 Bf8 64.
Rbd1 Kg7 65. Nf2 f6 66. Ne4 Qe6 67. Rb1 Bh3+ 68. Kh2 Bf5 69. Red1 Rc7 70. Nc3 Qd7 71. Ne4 Ra7 72. Rb2 Be6 73. Rdb1 Be7 74. Rb5 Rc8 75.
Rb6 Bf7 76. R6b5 Rcc7 77. Rb6 Ra2 78. R6b2 Rxb2 79. Rxb2 Ra7 80. Bb1 Qd4 81. Ra2 Rxa2 82. Bxa2 f5 83. Nf2 f4 84. Kg2 fxg3 85. Kxg3 Bxh4+ 86. Kg2 Qxf2+ 87. Qxf2 Bxf2 88. Kxf2 Kf6 89. Bb1 Be6 90. Kg3 g5 91. Bc2 Bd7 92. Bd1 Ke7 93. Be2 Kd6 94. Kf2 Kc7 95. Bf1 Bf5 96. Ke3 Kb6 97. Kd2 h4 98. Bg2 Ka5 99. Kc3 Kb6 100. Bh1 Kc7 101. Kd2 Kd6 102. Ke3 Bg6 103. Ke2 Bh7 104.
Ke3 Bf5 105. Ke2 h3 106. Ke3 Ke6 107. Ke2 Kf6 108. Kf2 Kg6 109. Ke3 Kh5 0-1

[Event "Early-Titled-Tuesday-Blitz-May-28-2024"]
[Site "Chess.com"]
[Date "2024.05.28"]
[Round "3"]
[White "Grebnev_A"]
[Black "WcmDominicToretto"]
[Result "1-0"]
[WhiteElo "2541"]
[BlackElo "1412"]
[TimeControl "180+1"]
[EndTime "8:22:12 PDT"]
[Termination "Grebnev_A won by resignation"]

1. Nf3 g6 2. d4 Bg7 3. c4 d6 4. Nc3 e6 5. e4 Ne7 6. Bg5 O-O 7. Qd2 Re8 8. h4 c5 9. dxc5 dxc5 10. Qxd8 Rxd8 11. Bxe7 1-0

[Event "Early-Titled-Tuesday-Blitz-May-28-2024"]
[Site "Chess.com"]
[Date "2024.05.28"]
[Round "3"]
[White "Galileo22"]
[Black "AsselLesbekova"]
[Result "1-0"]
[WhiteElo "2621"]
[BlackElo "2445"]
[TimeControl "180+1"]
[EndTime "8:23:36 PDT"]
[Termination "Galileo22 won by resignation"]

1. e4 e5 2. Nc3 Nc6 3. Bc4 Nf6 4. d3 d6 5. f4 Be6 6. Bb3 Be7 7.
Nf3 d5 8. fxe5 Ng4 9. exd5 Ncxe5 10. dxe6 fxe6 11. Nxe5 Nxe5 12. Qh5+ Ng6 13. O-O Qd4+ 14. Kh1 O-O-O 15. Bxe6+ Kb8 16. Bd2 Bc5 17. Rae1 a6 18. Be3 1-0

[Event "Early-Titled-Tuesday-Blitz-May-28-2024"]
[Site "Chess.com"]
[Date "2024.05.28"]
[Round "3"]
[White "frankshar"]
[Black "Adar_07"]
[Result "0-1"]
[WhiteElo "2508"]
[BlackElo "2765"]
[TimeControl "180+1"]
[EndTime "8:24:12 PDT"]
[Termination "Adar_07 won by resignation"]

1. e4 c6 2. d4 d5 3. f3 dxe4 4. fxe4 e5 5. Nf3 Bg4 6. Bc4 Nd7 7. c3 Ngf6 8. h3 Bxf3 9. Qxf3 exd4 10. cxd4 Nb6 11.
Bb3 Qxd4 12. Nc3 Bb4 13. Bd2 Bxc3 14. Bxc3 Qxe4+ 15. Qxe4+ Nxe4 16. Bxg7 Rg8 17. Bd4 Rxg2 18. O-O-O O-O-O 19. Bxf7 Rd6 20. Be5 Rxd1+ 21. Rxd1 Nd7 22. Be6 Nc5 23. Bd6 Nxe6 0-1

[Event "Early-Titled-Tuesday-Blitz-May-28-2024"]
[Site "Chess.com"]
[Date "2024.05.28"]
[Round "3"]
[White "RamonManon0g"]
[Black "luca_va99"]
[Result "1-0"]
[WhiteElo "2433"]
[BlackElo "2237"]
[TimeControl "180+1"]
[EndTime "8:24:25 PDT"]
[Termination "RamonManon0g won by resignation"]

1. e4 d5 2. exd5 Qxd5 3. Nc3 Qe5+ 4. Qe2 Qxe2+ 5. Bxe2 c6 6. Nf3 Nf6 7. O-O Bg4 8. d4 e6 9. h3 Bxf3 10. Bxf3 Nbd7 11.
Bf4 Nd5 12. Nxd5 cxd5 13. Rfe1 Be7 14. c3 Nb6 15. Bc7 Nc8 16. c4 Kd7 17. Be5 f6 18.
Bg3 dxc4 19. Bxb7 Rb8 20. Bxb8 Nd6 21. Bxd6 Bxd6 22. Rac1 Rb8 23. Ba6 Rxb2 24. Bxc4 Bf4 25. Bxe6+ Kd6 26. Rcd1 1-0

[Event "Early-Titled-Tuesday-Blitz-May-28-2024"]
[Site "Chess.com"]
[Date "2024.05.28"]
[Round "3"]
[White "mbojan"]
[Black "N18player"]
[Result "1-0"]
[WhiteElo "2901"]
[BlackElo "2589"]
[TimeControl "180+1"]
[EndTime "8:24:27 PDT"]
[Termination "mbojan won by resignation"]

1. Nf3 Nf6 2. g3 c5 3. Bg2 Nc6 4. O-O d6 5. d4 cxd4 6. Nxd4 Bd7 7. c4 g6 8. Nc3 Bg7 9. Nc2 Rc8 10. b3 O-O 11.
Bb2 a6 12. Qd2 Qc7 13. Rac1 Qb8 14. Rfd1 b5 15. cxb5 axb5 16. Nd5 Nxd5 17. Bxg7 Kxg7 18. Bxd5 Qa7 19. Bxc6 Rxc6 20. Nb4 Rxc1 21. Rxc1 Rc8 22.
Rxc8 Bxc8 23. Qc3+ Qd4 24. Qxd4+ 1-0

[Event "Early-Titled-Tuesday-Blitz-May-28-2024"]
[Site "Chess.com"]
[Date "2024.05.28"]
[Round "3"]
[White "SaraBlackPanther"]
[Black "dropstoneDP"]
[Result "1/2-1/2"]
[WhiteElo "2752"]
[BlackElo "2976"]
[TimeControl "180+1"]
[EndTime "8:24:28 PDT"]
[Termination "Game drawn by repetition"]

1. d4 d5 2. c4 dxc4 3. Nf3 Nf6 4. e3 e6 5. Bxc4 c5 6. O-O a6 7. b3 cxd4 8. Nxd4 Bc5 9. Bb2 b5 10. Be2 O-O 11. a4 bxa4 12. Rxa4 Bb7 13. Bf3 Bxf3 14. Qxf3 Qd5 15. Nd2 Bxd4 16. Bxd4 Nc6 17. Bxf6 Qxf3 18. gxf3 gxf6 19. Rfa1 a5 20. Nc4 Rfb8 21. Nxa5 Rxa5 22. Rxa5 Nxa5 23. Rxa5 Rxb3 24. Kg2 Kg7 25. Ra4 f5 26. f4 Rb8 27. Ra2 Kg6 28. Ra3 Kg7 29. Ra2 Kg6 30.
Ra3 Kg7 31. Ra2 1/2-1/2

[Event "Early-Titled-Tuesday-Blitz-May-28-2024"]
[Site "Chess.com"]
[Date "2024.05.28"]
[Round "3"]
[White "ilqar_74"]
[Black "mishanick"]
[Result "0-1"]
[WhiteElo "2778"]
[BlackElo "3057"]
[TimeControl "180+1"]
[EndTime "8:24:45 PDT"]
[Termination "mishanick won by resignation"]

1. e4 c5 2. Nf3 d6 3. d4 cxd4 4.
Nxd4 Nf6 5. Nc3 a6 6. a3 e5 7. Nf5 d5 8. Bg5 d4 9. Bxf6 Qxf6 10.
Nd5 Qc6 11. c4 Be6 12. Be2 Nd7 13. O-O g6 14. Ng3 Bd6 15. b4 b6 16. Rc1 O-O 17. f3 a5 18. b5 Qc5 19. a4 d3+ 20. Kh1 dxe2 21. Nxe2 Rac8 22. Qd3 Rfd8 23. h4 h5 24. Rfd1 Kg7 25. g4 Qf2 0-1

[Event "Early-Titled-Tuesday-Blitz-May-28-2024"]
[Site "Chess.com"]
[Date "2024.05.28"]
[Round "3"]
[White "Keithonsky"]
[Black "Jospem"]
[Result "0-1"]
[WhiteElo "2633"]
[BlackElo "3027"]
[TimeControl "180+1"]
[EndTime "8:24:46 PDT"]
[Termination "Jospem won by resignation"]

1. d4 Nf6 2. c4 e6 3. Nf3 Bb4+ 4. Bd2 c5 5. Bxb4 cxb4 6. a3 bxa3 7. Nxa3 O-O 8. g3 b6 9. Bg2 Bb7 10. O-O a5 11.
Nb5 d6 12. Qb3 Na6 13. Qa3 Nb4 14. Rac1 Rc8 15. Rfd1 Ba6 16. Nd2 Qd7 17. Qa4 d5 18.
b3 Bxb5 19. Qxb5 Qxb5 20. cxb5 Na2 21. Rxc8 Rxc8 22. Kf1 Rc2 23. Nb1 Rb2 24. Bf3 Rxb3 25. Nd2 Rxb5 26. Ra1 Rb2 27. Ke1 Nb4 28. Kd1 g5 29. Rc1 Kg7 30. h3 h5 31. e3 Nd3 32.
Rc7 Nxf2+ 33. Ke2 N2e4 0-1

[Event "Early-Titled-Tuesday-Blitz-May-28-2024"]
[Site "Chess.com"]
[Date "2024.05.28"]
[Round "3"]
[White "AlexPapasimakopoulos"]
[Black "TheoSlade"]
[Result "1-0"]
[WhiteElo "2617"]
[BlackElo "2441"]
[TimeControl "180+1"]
[EndTime "8:24:54 PDT"]
[Termination "AlexPapasimakopoulos won by resignation"]

1. d4 d5 2. c4 e6 3. Nc3 a6 4. cxd5 exd5 5. Qb3 c5 6. Nf3 c4 7. Qd1 Nf6 8. Bg5 Bb4 9. a3 Bxc3+ 10. bxc3 Bf5 11.
Bxf6 Qxf6 12. g3 O-O 13. Bg2 Nc6 14. O-O Be4 15. Re1 b5 16. Nd2 Bxg2 17. Kxg2 Rfe8 18.
e4 dxe4 19. Nxe4 Qf5 20. Qf3 Qxf3+ 21. Kxf3 a5 22. Nd6 Rxe1 23. Rxe1 b4 24. d5 Na7 25. axb4 axb4 26. cxb4 Kf8 27. Nxc4 Rb8 28. d6 Rxb4 29. d7 Rb8 30. Nd6 1-0